cohdb
Replays
Latest Replays
All Replays
Popular Replays
Top Player Replays
Match Explorer
How It Works
Community
CoH3 Stats
Reddit
Sign in to upload your games and track your stats! →
Sign in with Steam
Match 29602004
Unlisted
Match 29602004
Overview
Messages
Build Orders
End
Construct Barracks
Riflemen Squad
M1 Mortar Team
Riflemen Squad
Grenade Package
Riflemen Squad
Air Support Center
Construct Motor Pool
Construct Medical Station
M1918 Browning Automatic Rifles
Selects Special Operations Battlegroup
Selects Raiding Flares
Selects M29 Weasel with M1 Pack Howitzer
Engineer Squad
M1 Anti-tank Gun Team
Selects SSF Commando Squad
SSF Commando Squad
Construct Tank Depot
Raiding Flares
P-47 Dive Bomb
M4A1 Sherman Medium Tank
Riflemen Squad
Selects P-47 Anti-Infantry Loiter
M4A1 Sherman Medium Tank
M4A1 Sherman Medium Tank
P-47 Dive Bomb
EdBars
RAZER
Yellowdurr
Mister Maf
Jesus Christ
Ycraes
Brothers in Trenches
iAinEng
0
0
Comments
sign in to comment!
No comments posted yet!